 Dungeon Crawl Stone Soup version 0.30-a0-799-g109b55a442 (webtiles) character file.

Game seed: 8156244954044307720

7660 browni3141 the Zephyrmancer (level 11, -8/65 HPs)
             Began as an Octopode Reaver on Feb 21, 2023.
             Was an Initiate of Gozag.
             Mangled by a yak (10 damage)
             ... on level 9 of the Dungeon.
             The game lasted 00:28:47 (12666 turns).

browni3141 the Zephyrmancer (Octopode Reaver)      Turns: 12666, Time: 00:28:48

Health: -8/65      AC:  3    Str: 12    XL:     11   Next: 18%
Magic:  4/18       EV: 13    Int: 19    God:    Gozag
Gold:   1257       SH:  0    Dex: 11    Spells: 0/20 levels left

rFire   + . .      SeeInvis +    j - +11 whip of the Firefly {speed, Fly SInv}
rCold   . . .      Faith    .    (no shield)
rNeg    . . .      Spirit   .    l - +2 hat
rPois   .          Reflect  .    K - amulet of magic regeneration
rElec   .          Harm     .    w - ring of protection from fire
rCorr   .          Rampage  .    (no ring)
Will    .....                    (no ring)
Stlth   ++++                     (no ring)
HPRegen 0.30/turn                (no ring)
MPRegen 0.56/turn                (no ring)
                                 (no ring)
                                 (no ring)

@: lethally poisoned (-8 -> -22), weakened, gold aura, flying
A: almost no armour, amphibious, 8 rings, camouflage 1, gelatinous body 1,
(nimble swimmer 1), tentacles
a: Renounce Religion, Potion Petition, Call Merchant, Bribe Branch


You were on level 9 of the Dungeon.
You worshipped Gozag.
Gozag was most pleased with you.
You visited 2 branches of the dungeon, and saw 11 of its levels.
You also visited: Sewer and Ossuary.

You collected 1496 gold pieces.
You spent 132 gold pieces at shops.
You paid 107 gold pieces to Gozag.

Inventory:

Hand Weapons
 a - a +0 falchion
 j - the +11 whip of the Firefly (weapon) {speed, Fly SInv}
   (You found it on level 2 of the Dungeon)

   SInv:      It lets you see invisible.
   Fly:       It grants you flight.
Missiles
 v - 21 poisoned darts
Armour
 l - a +2 hat (worn)
Magical Staves
 n - a staff of air
Jewellery
 w - a ring of protection from fire (left tentacle)
 K - an amulet of magic regeneration (around mantle)
 N - an amulet of the acrobat
Wands
 i - a wand of charming (14)
 G - a wand of polymorph (11)
 J - a wand of flame (19)
 M - a wand of mindburst (7)
Scrolls
 c - a scroll of vulnerability {unknown}
 e - a scroll of blinking
 f - 10 scrolls of teleportation
 k - 2 scrolls of butterflies
 m - 3 scrolls of fog
 o - 2 scrolls of poison {unknown}
 p - 2 scrolls of enchant armour {unknown}
 r - 3 scrolls of enchant weapon {unknown}
 x - a scroll of torment {unknown}
 y - 2 scrolls of noise {unknown}
 D - a scroll of silence {unknown}
 H - 6 scrolls of identify
 I - 2 scrolls of fear {unknown}
 L - 3 scrolls of magic mapping {unknown}
 O - a scroll of amnesia {unknown}
 P - a scroll of immolation {unknown}
Potions
 b - 3 potions of degeneration
 d - 7 potions of curing
 g - 3 potions of invisibility
 h - 3 potions of heal wounds
 q - 2 potions of resistance
 s - a potion of ambrosia {unknown}
 t - 3 potions of brilliance
 u - 2 potions of flight
 z - a potion of haste {unknown}
 A - 4 potions of attraction {unknown}
 B - 5 potions of lignification
 C - a potion of might {unknown}
 E - a potion of berserk rage {unknown}
 Q - a potion of cancellation {unknown}
Miscellaneous
 F - a condenser vane (inert)


   Skills:
 * Level 2.4 Fighting
 - Level 5.0 Long Blades
 - Level 5.0 Maces & Flails
 * Level 2.4 Dodging
 * Level 5.5 Stealth
 - Level 5.0 Spellcasting
 - Level 6.0 Conjurations
 - Level 2.0 Translocations
 - Level 12.0 Air Magic
 - Level 5.0 Evocations


You couldn't memorise any spells.
You knew the following spells:

 Your Spells              Type           Power      Damage    Failure   Level
a - Kiss of Death         Conj/Necr      64%        2d10      3%          1
b - Momentum Strike       Conj/Tloc      38%        3d9       3%          2
c - Searing Ray           Conj           54%        2d6       1%          2
d - Static Discharge      Conj/Air       76%        2-6/arc   1%          2
e - Vhi's Electric Charg  Tloc/Air       62%        N/A       1%          3
f - Lightning Bolt        Conj/Air       19%        1d33      9%          5
g - Arcjolt               Conj/Air       19%        1d29      9%          5

Your spell library contained the following spells:

 Spells                   Type           Power      Damage    Failure   Level
 Magic Dart               Conj           100%       1d8       1%          1
 Shock                    Conj/Air       100%       1d9       1%          1
 Swiftness                Air            50%        N/A       1%          3
 Airstrike                Air            25%        2d(4-20)  1%          4
 Hailstorm                Conj/Ice       16%        3d6       11%         3
 Scorch                   Fire           8%         2d5       19%         2
 Flame Wave               Conj/Fire      16%        2d7       34%         4
 Fulminant Prism          Conj/Hex       8%         3d7       34%         4
 Summon Cactus Giant      Summ           2%         N/A       100%        6
 Borgnjor's Revivificati  Necr           2%         N/A       100%        8
 Necromutation            Tmut/Necr      2%         N/A       100%        8
 Death's Door             Necr           2%         N/A       100%        9


Dungeon Overview and Level Annotations

Branches:
Dungeon (10/15)            Temple (1/1) D:6             Orc (0/2) D:10
  Sewer (visited)         Ossuary (visited)
   Lair: D:8-11

Altars:
Ashenzari
Cheibriados
Dithmenos
Elyvilon
Gozag
Makhleb
Nemelex Xobeh
Okawaru
Qazlal
Ru
Sif Muna
Trog
Uskayaw
Vehumet
Wu Jian
Xom
Zin
The Shining One

Shops:
D:5 [=?(

Annotations:
D:7 2 transporters, FacelessVoid's ghost, novice MiHu
D:8 2 runed translucent doors, exclusion: acid dragon, necrobotica's ghost, novice SpEE
D:9 Amaemon


Innate Abilities, Weirdness & Mutations

You cannot wear most types of armour.
You are amphibious.
You can wear up to eight rings at the same time.
Your skin changes colour to match your surroundings (Stealth+).
Your rubbery body absorbs attacks. (AC +1, EV +1)
((You are camouflaged when in or above water. (Stealth+)))
You have tentacles for arms and can constrict up to eight enemies at once.


Message History

There is an open door here.
There is an open door here.
The orange demon screeches!
The yak bellows!
The orange demon stings you but does no damage.
The orange demon stings you. The orange demon hits you.
You feel your attacks grow feeble.
You barely miss the orange demon.
Amaemon shouts!
The yak bellows!
You grab the orange demon. You constrict the orange demon.
The orange demon stings you! The orange demon hits you.
Casting: Arcjolt (dangerous; 9% risk of failure)
Confirm with . or Enter, or press ? or * to list all spells.
Electricity surges outward!
The yak is moderately wounded.
The yak is lightly wounded.
The orange demon is severely wounded.
You constrict the orange demon. The orange demon stings you!
You are poisoned.
The orange demon poisons you! The orange demon barely misses you.
Casting: Arcjolt (dangerous; 9% risk of failure)
Confirm with . or Enter, or press ? or * to list all spells.
Electricity surges outward!
The yak is severely wounded.
You kill the orange demon!
The yak is lightly wounded.
You feel very sick. The yak gores you. The yak gores you!
* * * LOW HITPOINT WARNING * * *
Casting: Arcjolt (dangerous; 9% risk of failure)
Confirm with . or Enter, or press ? or * to list all spells.
Electricity surges outward!
The yak is heavily wounded.
The yak is severely wounded.
* * * LOW HITPOINT WARNING * * *
You feel very sick. The yak gores you!
* * * LOW HITPOINT WARNING * * *
The yak barely misses you. The yak gores you!
You die...
Your body crumbles into a pile of gold.

...))..#..........#....#.......#.
...))..####+############<......##
#####.................)..........
....'............................
....#............................
#...#............................
#...###....####....#######+###...
......#....#..#.Y6.# #...
......'....'..#Y@Y.# #...
#######....####....# #######...
........#'###....### #.......##
........#...#....# #.......#.
........#...#....# #.......#.
........#...#....# #.......#.
........#...#....# #.......#.
........#...#....# #.......#.
........#####....# #.......#+


You could see Amaemon and 3 yaks.

Vanquished Creatures
  Maurice (D:7)
  An orange demon (D:9)
  An unseen horror (D:10)
  2 hornets
  Sigmund (D:5)
  9 yaks (D:10)
  A basilisk (D:9)
  3 steam dragons (D:8)
  Grum (D:8)
  A water moccasin (D:5)
  3 orc warriors
  2 black bears
  2 sky beasts
  An ice beast (D:6)
  4 wolves (D:8)
  2 centaurs
  An ogre (D:5)
  2 phantoms (D:5)
  2 kobold brigands
  2 bullfrogs
  2 scorpions
  2 necrophages
  5 water moccasin zombies (Ossuary)
  8 killer bees
  5 howler monkeys
  7 crimson imps (D:10)
  4 hounds
  2 jellies (D:8)
  5 orc priests
  A gnoll bouda (D:5)
  Ijyb (D:5)
  Terence (D:3)
  3 iguanas
  6 orc wizards
  3 mummies
  14 adders
  8 gnolls
  A river rat (Sewer)
  A shadow imp (D:10)
  2 white imps
  An ufetubus (D:6)
  An adder zombie (Ossuary)
  3 worms
  2 dart slugs
  36 orcs
  6 bats
  10 endoplasms
  8 giant cockroaches
  3 gnoll zombies (Ossuary)
  5 goblins
  8 hobgoblins
  3 jackals (Sewer)
  17 kobolds
  6 quokkas
  10 ball pythons
  4 frilled lizards
  3 hobgoblin zombies (Ossuary)
  5 kobold zombies (Ossuary)
  5 orc zombies (Ossuary)
  7 rats
266 creatures vanquished.

Vanquished Creatures (collateral kills)
  A killer bee (D:8)
  A gnoll (D:9)
2 creatures vanquished.

Grand Total: 268 creatures vanquished

Notes
Turn   | Place    | Note
-------+----------+-------------------------------------------
     0 | D:1      | browni3141 the Octopode Reaver began the quest for the Orb.
     0 | D:1      | Reached XP level 1. HP: 14/14 MP: 3/3
    59 | D:1      | Reached skill level 1 in Stealth
   162 | D:1      | Reached XP level 2. HP: 17/17 MP: 5/5
   165 | D:1      | Learned a level 2 spell: Momentum Strike
   384 | D:1      | Reached skill level 1 in Translocations
   559 | D:1      | Learned a level 2 spell: Searing Ray
  1247 | D:2      | Reached XP level 3. HP: 24/24 MP: 1/6
  1552 | D:2      | Reached XP level 4. HP: 29/29 MP: 4/7
  1772 | D:2      | Found an ornate altar of the Wu Jian Council.
  1908 | D:2      | Identified the +11 whip of the Firefly {speed, Fly SInv}
  2722 | D:1      | Reached XP level 5. HP: 34/34 MP: 5/8
  3073 | D:3      | Noticed Terence
  3078 | D:3      | Killed Terence
  3582 | D:4      | Found a snail-covered altar of Cheibriados.
  3592 | D:4      | Reached skill level 5 in Long Blades
  3627 | D:4      | Reached XP level 6. HP: 38/39 MP: 5/9
  3628 | D:4      | Reached skill level 1 in Maces & Flails
  3814 | D:4      | Identified the +4 mace "Diliz" {holy, Str+3}
  3829 | D:4      | Found a shadowy altar of Dithmenos.
  3906 | D:4      | Found a glowing drain.
  3910 | Sewer    | Entered a sewer
  3975 | Sewer    | Reached XP level 7. HP: 43/45 MP: 10/10
  4005 | Sewer    | Found a white marble altar of Elyvilon.
  4213 | D:4      | Found a hide-covered altar of Uskayaw.
  4521 | D:5      | Entered Level 5 of the Dungeon
  4524 | D:5      | Noticed Sigmund
  4590 | D:5      | Found Faaphet's Jewellery Emporium.
  4592 | D:5      | Found Zazuqax's Antique Weapon Emporium.
  4651 | D:5      | Reached skill level 5 in Maces & Flails
  4651 | D:5      | Reached skill level 1 in Air Magic
  4659 | D:5      | Found Doesuf's Armour Boutique.
  4758 | D:5      | Reached skill level 2 in Air Magic
  4768 | D:5      | Reached skill level 3 in Air Magic
  4798 | D:5      | Reached skill level 4 in Air Magic
  4798 | D:5      | Reached XP level 8. HP: 35/50 MP: 4/11
  4799 | D:5      | Found a sand-covered staircase.
  4852 | Ossuary  | Entered an ossuary
  4971 | Ossuary  | Reached skill level 5 in Air Magic
  4971 | Ossuary  | Reached skill level 1 in Evocations
  4988 | Ossuary  | Learned a level 2 spell: Static Discharge
  5197 | D:5      | Killed Sigmund
  5257 | D:5      | Found Restraoc's Magic Scroll Shop.
  5287 | D:5      | Reached skill level 6 in Air Magic
  5288 | D:5      | Bought a scroll of identify for 22 gold pieces
  5288 | D:5      | Bought a scroll of identify for 22 gold pieces
  5288 | D:5      | Bought a scroll of identify for 22 gold pieces
  5288 | D:5      | Bought a scroll of identify for 22 gold pieces
  5288 | D:5      | Bought a scroll of identify for 22 gold pieces
  5288 | D:5      | Bought a scroll of identify for 22 gold pieces
  5470 | D:5      | Reached XP level 9. HP: 42/54 MP: 12/12
  5609 | D:5      | Found a glowing golden altar of the Shining One.
  5622 | D:5      | Became a worshipper of the Shining One
  5836 | D:5      | Found a broken altar of Ashenzari.
  6027 | D:5      | Noticed Ijyb
  6049 | D:5      | Killed Ijyb
  6050 | D:5      | Reached skill level 5 in Evocations
  6215 | D:6      | Found a staircase to the Ecumenical Temple.
  6224 | Temple   | Entered the Ecumenical Temple
  6260 | Temple   | Fell from the grace of the Shining One
  6260 | Temple   | Became a worshipper of Gozag Ym Sagoz the Greedy
  6388 | D:6      | Reached skill level 7 in Air Magic
  7368 | D:7      | Found a shimmering blue altar of Sif Muna.
  7398 | D:7      | Reached skill level 8 in Air Magic
  7458 | D:7      | Found a transporter.
  7467 | D:7      | Found a transporter.
  7515 | D:7      | Noticed FacelessVoid's ghost (novice MiHu)
  7710 | D:8      | Noticed Maurice
  7729 | D:7      | Killed Maurice
  7730 | D:7      | Reached skill level 9 in Air Magic
  8036 | D:9      | Learned a level 3 spell: Vhi's Electric Charge
  8061 | D:8      | Noticed a hornet
  8146 | D:9      | Noticed an orange demon
  8484 | D:9      | Noticed Amaemon
  8504 | D:9      | Noticed a hornet
  8533 | D:9      | Reached XP level 10. HP: 38/60 MP: 13/13
  8989 | D:9      | Paralysed by a hornet for 2 turns
  8993 | D:9      | Reached skill level 10 in Air Magic
  9676 | D:8      | Learned a level 5 spell: Lightning Bolt
  9806 | D:8      | Reached skill level 5 in Stealth
  9806 | D:8      | Reached skill level 5 in Conjurations
 10102 | D:8      | Found a white marble altar of Elyvilon.
 10226 | D:8      | Found a large runed translucent door.
 10226 | D:8      | Found a large runed translucent door.
 10235 | D:8      | Noticed necrobotica's ghost (novice SpEE)
 10458 | D:8      | Noticed Grum
 10470 | D:8      | Killed Grum
 10661 | D:10     | Entered Level 10 of the Dungeon
 10845 | D:10     | Identified the +4 war axe "Peetari" {drain, Will+ rCorr
                  | SInv}
 10909 | D:10     | Reached skill level 5 in Spellcasting
 11098 | D:10     | Noticed an unseen horror
 11104 | D:10     | Killed an unseen horror
 11686 | D:10     | Reached skill level 11 in Air Magic
 11935 | D:10     | Reached XP level 11. HP: 24/64 MP: 15/18
 11981 | D:9      | Learned a level 5 spell: Arcjolt
 12108 | D:10     | Found a staircase to the Orcish Mines.
 12466 | D:10     | Reached skill level 12 in Air Magic
 12666 | D:9      | HP: 2/65 [yak (10)]
 12666 | D:9      | Mangled by a yak

Illustrated notes

Levels and vault maps discovered:
D:1:      zelgadis_glass_arrival_small, layout_basic
D:2:      minmay_thinvault, layout_loops_corners, basic_altar
D:3:      layout_rooms, uniq_terence
D:4:      layout_basic, mainiacjoe_overflow_boulevard,
          nicolae_uskayaw_dance_hall, slow_altar_1, gup_sewer_entry_spiral,
          hangedman_feature_mirror, st_stairs_11
D:5:      layout_basic, mainiacjoe_overflow_alcove_4,
          mainiacjoe_overflow_alcove_1, nicolae_ossuary_entry_plus,
          serial_shops, shop, shop, shop_statue, nicolae_stop_n_shop_2,
          palyth_stone_intersect, uniq_ijyb, uniq_sigmund
D:6:      layout_basic, minmay_temple_entry_slanted, grunt_decor_cap
D:7:      layout_gridville, tgw_sif, gammafunk_ghost_abyssal_escape
D:8:      layout_rooms, nicolae_overflow_crystal_walls,
          ebering_ghost_disaster_area, uniq_grum, uniq_maurice
D:9:      layout_gridville, uniq_amaemon
D:10:     layout_roguey, hiddenorc1_lemuel, serial_curves, eino_curves_02,
          eino_curves_02, minmay_nine_imps
Temple:   nicolae_temple_superstar

Skill      XL: |  1  2  3  4  5  6  7  8  9 10 11 |
---------------+----------------------------------+-----
Stealth        | 2 3 5 |  5.5
Translocations | 2 |  2.0
Long Blades    | 5 |  5.0
Conjurations   | 4 6 |  6.0
Maces & Flails | 4 5 |  5.0
Air Magic      | 4 6 9 11 12 | 12.0
Evocations     | 4 5 |  5.0
Spellcasting   | 5 |  5.0
Fighting       | |  2.4
Dodging        | |  2.4

Action                     |  1- 3 |  4- 6 |  7- 9 | 10-12 || total
---------------------------+-------+-------+-------+-------++-------
  Melee: Falchion          |    25 |     2 |       |       ||    27
         Tentacles         |     5 |    16 |    50 |    27 ||    98
         Constrict         |     5 |    19 |    43 |    22 ||    89
         Whip              |       |    96 |   191 |   153 ||   440
         Unarmed           |       |       |     9 |       ||     9
         Punch             |       |       |     1 |     3 ||     4
   Cast: Kiss of Death     |     1 |       |     2 |       ||     3
         Momentum Strike   |    18 |    18 |    25 |    14 ||    75
         Searing Ray       |       |     2 |    10 |     3 ||    15
         Static Discharge  |       |       |     7 |     9 ||    16
         Lightning Bolt    |       |       |       |    10 ||    10
         Arcjolt           |       |       |       |     8 ||     8
  Evoke: Condenser vane    |       |       |     1 |     1 ||     2
         Wand              |       |       |     3 |     9 ||    12
    Use: Scroll            |       |     4 |     6 |       ||    10
         Potion            |       |       |     1 |       ||     1
   Stab: Sleeping          |     3 |     6 |     8 |     1 ||    18
         Distracted        |       |       |     1 |     3 ||     4
         Confused          |       |       |     2 |     3 ||     5
 Armour: Skin              |     3 |    16 |    32 |    14 ||    65
  Dodge: Dodged            |    16 |    34 |    85 |    85 ||   220

Table legend: (Time is in decaauts)
 A = Elapsed time spent in this place.
 B = Non-inter-level travel time spent in this place.
 C = Inter-level travel time spent in this place.
 D = Time resting spent in this place.
 E = Time spent auto-exploring this place.
 F = Levels seen in this place.
 G = Mean time per level.
                   A        B        C        D        E       F      G
               +--------+--------+--------+--------+--------+-----+--------+
         Total |  12469 |  11789 |    680 |    997 |   8698 |  13 |  959.2 |
       Dungeon |  11955 |  11293 |    662 |    997 |   8388 |  10 | 1195.5 |
        Temple |     55 |     37 |     18 |      0 |     22 |   1 |   55.0 |
         Sewer |    188 |    188 |      0 |      0 |    107 |   1 |  188.0 |
       Ossuary |    270 |    270 |      0 |      0 |    181 |   1 |  270.0 |
               +--------+--------+--------+--------+--------+-----+--------+

Top non-repeatable levels by time:
     D:9: 2042 daAuts
     D:2: 1570 daAuts
    D:10: 1541 daAuts
     D:5: 1233 daAuts
     D:1: 1225 daAuts
     D:8: 1179 daAuts
     D:6: 990 daAuts
     D:4: 884 daAuts
     D:7: 649 daAuts
     D:3: 639 daAuts
 Ossuary: 270 daAuts
   Sewer: 188 daAuts
  Temple: 55 daAuts
